 Dungeon Crawl Stone Soup version 0.31.0-32-g396128a36d (webtiles) character file.

Game seed: 5843239591475541444

17 Bamboolord the Twirler (level 2, -1/23 HPs)
             Began as a Formicid Gladiator on Mar 11, 2024.
             Succumbed to an adder's poison
             ... on level 2 of the Dungeon on Mar 14, 2024.
             The game lasted 00:03:16 (709 turns).

Bamboolord the Twirler (Formicid Gladiator)          Turns: 709, Time: 00:03:16

Health: -1/23      AC:  3    Str: 18    XL:     2   Next: 80%
Magic:  2/2        EV: 12    Int:  7    God:
Gold:   64         SH:  0    Dex: 15    Spells: 1/1 levels left

rFire   . . .        a - +0 quarterstaff
rCold   . . .        (no shield)
rNeg    . . .        b - +0 leather armour
rPois   .            (helmet unavailable)
rElec   .            (no cloak)
rCorr   .            (no gloves)
SInv    +            (no boots)
Will    .....        (no amulet)
Stlth   ++           (no ring)
HPRegen 0.23/turn    (no ring)
MPRegen 0.08/turn

%: no passive effects
@: lethally poisoned (-1 -> -4)
A: permanent stasis, dig shafts and tunnels, antennae 3, four strong arms
a: Dig, Shaft Self


You were on level 2 of the Dungeon.
You visited 1 branch of the dungeon, and saw 2 of its levels.

You collected 64 gold pieces.

Inventory:

Hand Weapons
 a - a +0 quarterstaff (weapon)
Missiles
 c - 4 throwing nets
 d - a javelin
Armour
 b - a +0 leather armour (worn)
Scrolls
 e - 2 scrolls of identify {unknown}
 f - a scroll of poison {unknown}
 h - a scroll of teleportation {unknown}
 i - a scroll of amnesia {unknown}


   Skills:
 + Level 2.5 Fighting
 + Level 3.1 Staves
 - Level 2.0 Throwing
 + Level 0.8 Armour
 - Level 2.6 Dodging
 * Level 1.7 Stealth


You had one spell level left.
You didn't know any spells.
Your spell library contained the following spells:

 Spells                   Type           Power      Damage    Failure   Level
 Shock                    Conj/Air       0%         1d3       50%         1
 Airstrike                Air            0%         2d(0-16)  99%         4
 Swiftness                Air            Unusable   N/A       N/A         3

Dungeon Overview and Level Annotations

Branches:
Dungeon (2/15)

Altars:


Innate Abilities, Weirdness & Mutations

You cannot be hasted, slowed, berserked, paralysed or teleported.
You can dig through walls and to a lower floor.
You have a pair of large antennae on your head. (SInv)
Your four strong arms can wield two-handed weapons with a shield.


Message History

The adder is severely wounded.
The adder misses you. The adder closely misses you.
You closely miss the adder.
The adder is severely wounded.
The adder bites you but does no damage. The hobgoblin completely misses you.
You hit the adder but do no damage.
The adder is severely wounded.
The adder bites you.
You are poisoned.
The adder poisons you! The adder bites you but does no damage.
The hobgoblin misses you.
You barely miss the adder.
The adder is severely wounded.
You feel sick. The adder bites you. The hobgoblin hits you.
You are too injured to fight recklessly!
Unknown command.
You closely miss the adder.
The adder is severely wounded.
You feel sick. The adder barely misses you.
The hobgoblin completely misses you. The adder bites you.
You are more poisoned.
The adder poisons you!
Unknown command.
You completely miss the adder.
The adder is severely wounded.
You feel sick. The adder bites you. The hobgoblin hits you.
* * * LOW HITPOINT WARNING * * *
Unknown command.
It was a potion of haste.
Your stasis prevents you from being hasted.
* * * LOW HITPOINT WARNING * * *
You feel sick. The adder closely misses you. The hobgoblin barely misses you.
The adder closely misses you.
You closely miss the adder.
The adder is heavily wounded.
* * * LOW HITPOINT WARNING * * *
You feel sick. The hobgoblin misses you. The adder closely misses you.
You miss the adder.
The adder is heavily wounded.
You die...

#........#...!.....#
#.................##
....#.#.#.#.......#
..............)...
#.#.#.#.#.......#
#...............#
..###.#.#.#.#†.......
#..<..g..............
####.#@#.#.#.....#..
#.S..............
#.......#...#......
....#######...####...
### #....###...##
##.#..##..# #
#..#.##..#
###.##....#
##...##..###


You could see an adder and a hobgoblin.

Vanquished Creatures
  A bat (D:1)
  2 endoplasms (D:1)
  2 giant cockroaches (D:2)
  2 goblins (D:1)
  3 hobgoblins
  2 kobolds
  A frilled lizard (D:1)
  2 rats (D:1)
15 creatures vanquished.

Notes
Turn   | Place    | Note
-------+----------+-------------------------------------------
     0 | D:1      | Bamboolord the Formicid Gladiator began the quest for the
                  | Orb.
     0 | D:1      | Reached XP level 1. HP: 16/16 MP: 1/1
    95 | D:1      | Reached skill level 1 in Stealth
   120 | D:1      | Reached XP level 2. HP: 23/23 MP: 2/2
   708 | D:2      | HP: 1/23 [poisoned by an adder]
   709 | D:2      | Succumbed to an adder's poison

Illustrated notes

Levels and vault maps discovered:
D:1:      dpeg_arrival_rooms_b, layout_basic
D:2:      layout_rooms, shapermc_ecumenical_altar_flowoftime, serial_glass,
          glass_columns_c, glass_columns_b, uniq_jessica

Skill      XL: |  1 |
---------------+----+-----
Stealth        | 1 |  1.7
Fighting       | |  2.5
Staves         | |  3.1
Throwing       | |  2.0
Armour         | |  0.8
Dodging        | |  2.6

Action                     || total
---------------------------++-------
  Melee: Quarterstaff      ||    48
    Use: Potion            ||     1
   Stab: Sleeping          ||     3
 Armour: Leather armour    ||    23
  Dodge: Dodged            ||    36
